Map: Ley Lines

Players

ManlyManMeat - Winner!

  • Race: Zerg Zerg
  • League: Diamond
  • Spawn Location: 1:00

Rasputin

  • Race: Zerg Zerg
  • League: Diamond
  • Spawn Location: 7:00

VOD

Have the link to the VOD?

Description

Time

  • Played on: July 3, 2025, 5:38 p.m.
  • Length: 9:31
Show
View Real Time Build Order
Export as new Build Order

ManlyManMeat Zerg - Winner!

Build Orders: Hatch First 

Get SALT Encoding   

  12  0:00  Drone  
  13  0:08  Drone  
  14  0:16  Drone, Extractor  
  15  0:24  Overlord  
  16  0:42  Drone  
  16  0:46  Hatchery  
  15  0:50  Drone  
  15  0:54  Drone  
  17  0:57  Drone  
  18  1:09  Extractor  
  17  1:14  Spawning Pool  
  17  1:16  Drone  
  17  1:20  Drone  
  18  1:26  Drone  
  19  1:36  Drone  
  20  2:00  Queen  
  20  2:01  Queen  
  24  2:02  Zergling x4  
  24  2:03  Overlord  
  26  2:11  Metabolic Boost  
  26  2:13  Drone  
  27  2:15  Drone  
  29  2:22  Drone  
  29  2:23  Drone  
  30  2:31  Drone  
  30  2:33  Overlord  
  31  2:49  Hatchery  
  30  2:53  Drone x2  
  30  2:56  Drone  
  33  3:00  Drone  
  34  3:11  Drone x2  
  36  3:17  Roach Warren  
  36  3:19  Drone x2, Evolution Chamber  
  36  3:21  Drone  
  36  3:23  Drone  
  37  3:36  Drone x4  
  41  3:42  Extractor  
  41  3:48  Zerg Missile Weapons Level 1  
  40  3:50  Drone x3  
  40  3:51  Drone  
  40  3:52  Overlord  
  40  3:53  Overlord  
  43  4:08  Overlord x3  
  43  4:13  Extractor  
  43  4:14  Drone x3  
  43  4:15  Extractor  
  44  4:21  Queen  
  44  4:23  Drone x3  
  49  4:26  Zergling x2  
  49  4:30  Roach x3  
  56  4:33  Drone x3  
  56  4:37  Drone  
  56  4:38  Drone  
  61  4:45  Lair  
  61  4:51  Roach  
  61  4:52  Roach  
  65  4:53  Roach  
  65  4:54  Zergling x2  
  68  5:04  Roach x4  
  76  5:09  Zergling x2  
  76  5:10  Roach x2  
  76  5:11  Zergling x2  
  81  5:27  Roach x5  
  73  5:48  Roach x4  
  81  5:51  Zerg Ground Armor Level 1  
  81  5:58  Zergling x2  
  81  5:59  Overlord x3  
  81  6:00  Overlord  
  81  6:03  Overlord x2  
  82  6:12  Glial Reconstitution  
  82  6:23  Roach x9  
  99  6:47  Roach x9  
  91  6:56  Ravager  
  90  7:11  Roach x7  
  104  7:17  Ravager  
  105  7:29  Ravager  
  106  7:31  Zergling x2  
  106  7:32  Roach x3  
  113  7:45  Roach x5  
  112  7:58  Roach x5  
  112  8:02  Zergling x6  
  112  8:03  Zergling x14  
  117  8:12  Ravager  
  117  8:15  Ravager  
  119  8:20  Overseer  
  119  8:22  Roach x2  
  123  8:38  Roach x3  
  123  8:40  Drone  
  123  8:41  Overlord x3  
  130  8:43  Ravager  
  130  8:44  Ravager  
  128  8:51  Overlord, Roach  
  128  8:52  Overlord x3  
  127  9:12  Roach x2  
Show
View Real Time Build Order
Export as new Build Order

Rasputin Zerg 

Build Orders: Hatch First 

Get SALT Encoding   

  12  0:00  Drone  
  13  0:12  Overlord  
  13  0:17  Drone  
  14  0:31  Drone x2  
  14  0:35  Drone  
  17  0:52  Drone, Hatchery  
  17  1:06  Spawning Pool  
  17  1:08  Drone  
  17  1:11  Drone  
  17  1:17  Drone  
  19  1:22  Extractor  
  18  1:30  Drone  
  19  1:40  Drone  
  20  1:54  Roach Warren  
  20  1:55  Queen  
  20  1:56  Drone  
  22  2:03  Queen  
  22  2:05  Drone x2  
  26  2:11  Drone  
  27  2:18  Drone  
  28  2:26  Spine Crawler  
  28  2:27  Evolution Chamber  
  28  2:28  Drone  
  28  2:29  Drone  
  28  2:33  Overlord  
  28  2:43  Extractor  
  28  2:44  Drone  
  28  2:53  Drone x2  
  28  2:56  Drone  
  28  2:58  Drone  
  32  3:06  Zerg Missile Weapons Level 1  
  32  3:07  Drone x2  
  34  3:16  Overlord x2, Roach  
  34  3:17  Overlord  
  36  3:42  Roach x4  
  36  3:43  Roach x3  
  36  3:46  Overlord  
  50  4:09  Roach x3  
  60  4:10  Roach x2  
  60  4:20  Roach  
  60  4:21  Roach  
  64  4:31  Roach  
  64  4:32  Roach  
  68  4:42  Overlord  
  68  4:43  Overlord  
  68  4:50  Overlord  
  68  4:54  Hatchery  
  67  5:02  Zerg Ground Armor Level 1  
  67  5:03  Drone  
  67  5:04  Drone x5  
  67  5:05  Roach  
  75  5:15  Roach  
  63  5:36  Roach  
  63  5:37  Roach x7  
  77  5:53  Roach x3  
  77  5:54  Roach x2  
  77  5:55  Overlord x2  
  87  6:17  Drone x3, Extractor  
  89  6:19  Drone x3  
  89  6:20  Drone  
  89  6:23  Roach x6  
  93  6:49  Roach x3  
  93  6:50  Roach x3  
  93  7:06  Ravager  
  92  7:10  Ravager  
  93  7:31  Roach  
  93  7:32  Roach x6  
  93  7:35  Drone x5  
  93  7:36  Queen  
  76  8:06  Roach  
  76  8:07  Roach x9  
  84  8:21  Drone  
  84  8:22  Drone x6  
  87  8:35  Roach  
  87  8:36  Roach x4  
  92  8:46  Roach  
  92  8:47  Roach x7  
Tags
 
Matchup
ZvZ
Race
Zerg
Replay Pack
Myownreplay2
Spawn Locations
Cross Positions
Add a new tag
Caveats
  • Supply blocks, unpowered buildings, or Contaminate may cause inaccurate times.
  • Supply counts are checked every 10 seconds.